 Dungeon Crawl Stone Soup version 0.31-a0-200-gbc41564c69 (webtiles) character file.

Game seed: 10898244582068768208

103 qw the Shooter (level 4, -4/25 HPs)
             Began as a Deep Elf Hunter on June 25, 2023.
             Slain by a gnoll
             ... wielding a +0 spear
              (5 damage)
             ... on level 4 of the Dungeon.
             The game lasted 00:00:43 (2531 turns).

qw the Shooter (Deep Elf Hunter)                    Turns: 2531, Time: 00:00:43

Health: -4/25      AC:  5    Str: 10    XL:     4   Next: 51%
Magic:  6/6        EV:  6    Int: 14    God:
Gold:   67         SH:  0    Dex: 24    Spells: 3/3 levels left

rFire   . . .        Y - +3 shortbow
rCold   . . .        (shield currently unavailable)
rNeg    . . .        f - +0 ring mail
rPois   .            (no helmet)
rElec   .            (no cloak)
rCorr   .            (no gloves)
SInv    .            (no boots)
Will    .....        (no amulet)
Stlth   ++           j - +6 ring of dexterity
HPRegen 0.24/turn    (no ring)
MPRegen 0.10/turn

%: no passive effects
@: about to teleport, held
A: no striking features
a: no special abilities


You were on level 4 of the Dungeon.
You visited 1 branch of the dungeon, and saw 4 of its levels.

You collected 67 gold pieces.


   Skills:
 - Level 1.5 Fighting
 + Level 7.9 Ranged Weapons
 - Level 2.4 Dodging
 - Level 1.2 Stealth


You had 3 spell levels left.
You didn't know any spells.
Your spell library was empty.

Inventory:

Hand Weapons
 Y - a +3 shortbow (weapon)
Armour
 f - a +0 ring mail (worn)
Jewellery
 j - a +6 ring of dexterity (left hand)
Scrolls
 a - a scroll of identify
 h - 2 scrolls of teleportation
Potions
 c - a potion of enlightenment
 g - a potion of curing

Dungeon Overview and Level Annotations

Branches:
Dungeon (4/15)
 Temple: D:4-7

Altars:
Sif Muna


Message History

You shoot an arrow. The arrow barely misses the hobgoblin.
The arrow hits the endoplasm.
The endoplasm is moderately wounded.
You shoot an arrow. The arrow hits the hobgoblin.
You kill the hobgoblin!
You shoot an arrow. The arrow hits the endoplasm!
You kill the endoplasm! 2 gnolls come into view.
The gnoll shouts!
You hear a shout!
The gnoll shouts!
You shoot an arrow. The arrow closely misses the gnoll.
A gnoll comes into view. It is wielding a +0 spear.
The gnoll closely misses you. x2; The gnoll moves out of view.
You shoot an arrow. The arrow closely misses the gnoll.
The gnoll throws a throwing net.
The throwing net closely misses you.
You shoot an arrow. The arrow hits the gnoll!
The gnoll is almost dead.
The gnoll hits you from afar with a +0 spear.
The gnoll barely misses you.
You shoot an arrow. The arrow hits the gnoll.
You kill the gnoll!
The gnoll hits you but does no damage.
2525 ||| Stepping ~*~*~tactically~*~*~ (outnumbered).
You shoot an arrow. The arrow barely misses the gnoll.
The gnoll throws a throwing net.
The throwing net hits you.
You become entangled in the net!
You struggle against the net.
You struggle against the net.
The gnoll hits you but does no damage.
The gnoll hits you from afar with a +0 spear.
You struggle against the net.
The gnoll hits you from afar with a +0 spear.
The gnoll hits you from afar with a +0 spear!
You struggle against the net.
The gnoll barely misses you.
The gnoll hits you from afar with a +0 spear.
2531 ||| READING 3 scrolls of teleportation.
As you read the scroll of teleportation, it crumbles to dust.
You feel strangely unstable.
The gnoll hits you from afar with a +0 spear. x2
You die...

## #. #. ###. #..g
#.. #.g#### .#
#g(@.## .##
#.##..######..###[.
#...#.......#.#....
###.....#..........
#####.#..........
#..............
#..............
#####..........
#..<.......


You could see 2 gnolls.

Vanquished Creatures
  An orc wizard (D:3)
  A gnoll (D:4)
  2 adders (D:2)
  7 orcs (D:3)
  4 ball pythons
  3 endoplasms
  A giant cockroach (D:1)
  3 hobgoblins
  2 jackals (D:1)
  A quokka (D:3)
  3 bats
  5 frilled lizards
  4 goblins
  3 kobolds
  7 rats
47 creatures vanquished.

Notes
Turn   | Place    | Note
-------+----------+-------------------------------------------
     0 | D:1      | qw the Deep Elf Hunter began the quest for the Orb.
     0 | D:1      | Reached XP level 1. HP: 12/12 MP: 3/3
     0 | D:1      | 0 ||| qw: Version: 0.3-a-22-g0ed2b0b
     0 | D:1      | 0 ||| qw: Game counter: 5561
     0 | D:1      | 0 ||| qw: Melee chars always use a shield: true
     0 | D:1      | 0 ||| qw: God list: Okawaru
     0 | D:1      | 0 ||| qw: Allow faded altars: false
     0 | D:1      | 0 ||| qw: Do Orc after clearing Dungeon:15 true
     0 | D:1      | 0 ||| qw: Do second Lair branch before Depths: true
     0 | D:1      | 0 ||| qw: Lair rune preference: random
     0 | D:1      | 0 ||| qw: Goals: Normal
     0 | D:1      | 0 ||| PLANNING D:1-11
   137 | D:1      | Reached XP level 2. HP: 16/16 MP: 4/4
   207 | D:1      | Reached skill level 6 in Ranged Weapons
   965 | D:1      | 965 ||| UPGRADING to +0 ring mail.
   975 | D:1      | 975 ||| DROPPING +0 leather armour.
   976 | D:1      | 976 ||| UPGRADING to +6 ring of dexterity.
   977 | D:1      | 977 ||| READING scroll labelled JOTUSO WODYSIY.
   978 | D:1      | 978 ||| READING scroll labelled FASOCRA GURIAQ.
   979 | D:1      | 979 ||| READING 2 scrolls labelled AJEOWKY NILA.
   984 | D:1      | 984 ||| READING scroll labelled FUAFIU UTYDGH.
   985 | D:1      | 985 ||| READING scroll labelled RUKLEFU TOOHITUL.
   986 | D:1      | 986 ||| DRINKING 2 ruby potions.
   987 | D:1      | 987 ||| DROPPING scroll of butterflies.
  1111 | D:2      | Reached XP level 3. HP: 13/20 MP: 5/5
  1317 | D:2      | Found a shimmering blue altar of Sif Muna.
  1520 | D:2      | Reached skill level 7 in Ranged Weapons
  1677 | D:2      | 1677 ||| READING scroll labelled KUM FAEDISSIYF.
  1678 | D:2      | 1678 ||| DRINKING 2 bubbling sapphire potions.
  1679 | D:2      | 1679 ||| DRINKING 2 potions of curing.
  1679 | D:2      | 1679 ||| (to cure confusion)
  1680 | D:2      | 1680 ||| DROPPING potion of ambrosia.
  2035 | D:3      | HP: 5/20 [something/magic dart (7)]
  2039 | D:3      | Reached XP level 4. HP: 7/25 MP: 6/6
  2306 | D:3      | HP: 5/25 [poisoned by an orc]
  2309 | D:3      | HP: 2/25 [poisoned by an orc]
  2497 | D:3      | 2497 ||| DROPPING ring of magical power.
  2498 | D:3      | 2498 ||| READING 3 scrolls labelled QULIDI CEZEPS.
  2499 | D:3      | 2499 ||| READING 2 scrolls of enchant weapon.
  2499 | D:3      | 2499 ||| ENCHANTING +1 shortbow.
  2500 | D:3      | 2500 ||| READING scroll of enchant weapon.
  2500 | D:3      | 2500 ||| ENCHANTING +2 shortbow.
  2501 | D:3      | 2501 ||| READING 2 scrolls of identify.
  2501 | D:3      | 2501 ||| IDENTIFYING glowing red potion
  2525 | D:4      | 2525 ||| Stepping ~*~*~tactically~*~*~ (outnumbered).
  2530 | D:4      | HP: 6/25 [gnoll/+0 spear (1)]
  2531 | D:4      | 2531 ||| READING 3 scrolls of teleportation.
  2531 | D:4      | HP: 1/25 [gnoll/+0 spear (5)]
  2531 | D:4      | Slain by a gnoll

Levels and vault maps discovered:
D:1:      saegor_arrival_simple_c, layout_basic
D:2:      layout_loops_cross, basic_altar, minmay_misc_feat_plants,
          kennysheep_generic_room_7
D:3:      layout_loops_ring, feat_on_display
D:4:      layout_rooms, mainiacjoe_overflow_six_doors_small,
          fedhas_altar_decomposition, uniq_duvessa

Skill      XL: |  1  2  3 |
---------------+----------+-----
Ranged Weapons | 6 7 |  7.9
Fighting       | |  1.5
Dodging        | |  2.4
Stealth        | |  1.2

Action                     |  1- 3 |  4- 6 || total
---------------------------+-------+-------++-------
   Fire: Shortbow          |    92 |    26 ||   118
    Use: Scroll            |     6 |     5 ||    11
         Potion            |     3 |       ||     3
 Armour: Leather armour    |     1 |       ||     1
         Ring mail         |     4 |     4 ||     8
  Dodge: Dodged            |    16 |     7 ||    23

Table legend:
 A = Non-vault XP
 B = Vault XP
 C = Vault XP percentage of total XP
 D = Non-vault monster count
 E = Vault monster count
 F = Vault count percentage of total count
                 A         B        C        D         E       F
            +---------+---------+-------+---------+---------+-------
      Total |     147 |       1 |   0.7 |      46 |       1 |   2.1
            +---------+---------+-------+---------+---------+-------
        D:1 |      26 |       0 |   0.0 |      17 |       0 |   0.0
        D:2 |      36 |       1 |   2.7 |      10 |       1 |   9.1
        D:3 |      66 |       0 |   0.0 |      16 |       0 |   0.0
        D:4 |      19 |       0 |   0.0 |       3 |       0 |   0.0
            +---------+---------+-------+---------+---------+-------
